 Dungeon Crawl Stone Soup version 0.32-a0-7-ge934b4519a (webtiles) character file.

Game seed: 14313563624566471539

1 timneilson the Ruffian (level 1, 0/13 HPs)
             Began as an Octopode Shapeshifter on Jan 14, 2024.
             Frozen to death by an endoplasm (4 damage)
             ... on level 1 of the Dungeon.
             The game lasted 00:00:09 (67 turns).

timneilson the Ruffian (Octopode Shapeshifter)        Turns: 67, Time: 00:00:10

Health: 0/13       AC:  1    Str: 13    XL:     1   Next: 20%
Magic:  1/1        EV: 13    Int: 12    God:
Gold:   0          SH:  0    Dex: 11    Spells: 0/0 levels left

rFire   . .          .
                       - Unarmed
rCold   . . .        (no shield)
rNeg    . . .        (helmet currently unavailable)
rPois   .            (no amulet)
rElec   .            (no ring)
rCorr   .            (no ring)
SInv    .            (no ring)
Will    .....        (no ring)
Stlth   ++           (no ring)
HPRegen 0.22/turn    (no ring)
MPRegen 0.07/turn    (no ring)
                     (no ring)

%: no passive effects
@: beast-form
A: beast (slay +1), almost no armour, amphibious, 8 rings, camouflage 1,
gelatinous body 1, (nimble swimmer 1), tentacles
a: Begin Untransformation


You were on level 1 of the Dungeon.
You were a hulking beast.
You visited 1 branch of the dungeon, and saw 1 of its levels.

Inventory:

Talismans
 b - a beast talisman
 c - a flux talisman
Scrolls
 d - a scroll of fear {unknown}
Potions
 a - a potion of lignification
 e - 2 potions of brilliance {unknown}


   Skills:
 * Level 1.0 Fighting
 * Level 2.0 Dodging
 + Level 0.0 Stealth
 * Level 3.0 Unarmed Combat
 * Level 3.0 Shapeshifting


You couldn't memorise any spells.
You didn't know any spells.
Your spell library was empty.

Dungeon Overview and Level Annotations

Branches:
Dungeon (1/15)

Altars:


Innate Abilities, Weirdness & Mutations

You are a hulking beast.
Your limbs bulge with bestial killing power. (Slay +1)
You cannot wear most types of armour.
You are amphibious.
You can wear up to eight rings at the same time.
Your skin changes colour to match your surroundings (Stealth+).
Your rubbery body absorbs attacks. (AC +1, EV +1)
((You are camouflaged when in or above water. (Stealth+)))
You have tentacles for arms and can constrict up to eight enemies at once.


Message History

d - a scroll labelled XUM JICUEHYMUCA You open the door.
There is an open door here.
There is an open door here.
You open the door.
There is an open door here.
You enter the deep water.
e - 2 sedimented emerald potions A bat comes into view.
An endoplasm comes into view.
The bat hits you but does no damage. The bat closely misses you.
You closely miss the bat. Your grab misses the bat.
Your squeeze misses the bat.
You hear a shout!
The bat misses you. The bat closely misses you.
A goblin comes into view. It is wielding a +0 club.
The endoplasm quivers.
Found a scroll labelled ASTOMU JETELO.
The bat hits you. The goblin barely misses you.
You miss the goblin. Your grab misses the goblin. The bat closely misses you.
A hobgoblin comes into view.
The goblin hits you with a +0 club.
You barely miss the goblin. Your grab misses the goblin. You miss the goblin.
Your grab misses the goblin. The bat closely misses you.
The goblin hits you with a +0 club.
You tentacle-slap the goblin but do no damage.
You grab the goblin. You constrict the goblin. The bat misses you.
The goblin hits you with a +0 club.
You bludgeon the goblin!
You kill the goblin!
The bat barely misses you.
You tentacle-slap the endoplasm.
The endoplasm is heavily wounded.
The endoplasm barely misses you. The bat misses you.
You tentacle-slap the endoplasm but do no damage.
The endoplasm is heavily wounded.
The bat barely misses you. The endoplasm freezes you.
You are frozen.
You die...

##≈≈≈#≈≈≈#≈≈ ≈§##
###≈≈≈≈#≈≈≈#≈≈
≈≈§≈#######≈≈≈≈≈≈#≈≈≈≈≈≈
§§§≈§≈...≈≈≈≈≈≈≈≈≈≈≈≈...
§≈§≈≈≈...≈≈≈≈≈≈≈≈≈......
§..≈≈≈...≈≈≈..........##
..................#####
#......b....######
######h######
......J).g.....
.........##....
.......... ..
.......#### .......
##..#.# #....


You could see an endoplasm, a hobgoblin and a bat.

Vanquished Creatures
  A goblin (D:1)
1 creature vanquished.

Notes
Turn   | Place    | Note
-------+----------+-------------------------------------------
     0 | D:1      | timneilson the Octopode Shapeshifter began the quest for
                  | the Orb.
     0 | D:1      | Reached XP level 1. HP: 13/13 MP: 1/1
    67 | D:1      | Frozen to death by an endoplasm

Illustrated notes

Levels and vault maps discovered:
D:1:      dpeg_arrival_water_fire, layout_rooms

Action                     || total
---------------------------++-------
  Melee: Unarmed           ||     8
         Constrict         ||     1
 Armour: Skin              ||     5
  Dodge: Dodged            ||    11

Table legend: (Time is in decaauts)
 A = Elapsed time spent in this place.
 B = Non-inter-level travel time spent in this place.
 C = Inter-level travel time spent in this place.
 D = Time resting spent in this place.
 E = Time spent auto-exploring this place.
 F = Levels seen in this place.
 G = Mean time per level.
                   A        B        C        D        E       F      G
               +--------+--------+--------+--------+--------+-----+--------+
         Total |     66 |     66 |      0 |      0 |     55 |   1 |   66.0 |
       Dungeon |     66 |     66 |      0 |      0 |     55 |   1 |   66.0 |
               +--------+--------+--------+--------+--------+-----+--------+

Top non-repeatable levels by time:
     D:1: 66 daAuts
